 Dungeon Crawl Stone Soup version 0.21-a0-404-g291f19a (webtiles) character file.

690 Dorkslayer the Chopper (level 7, -12/54 HPs)
             Began as a Demonspawn Abyssal Knight on Oct 28, 2017.
             Was a Priest of Lugonu.
             Mangled by an ogre
             ... wielding a +0 giant club
              (27 damage)
             ... on level 5 of the Dungeon.
             The game lasted 00:16:32 (3260 turns).

Dorkslayer the Chopper (Demonspawn Abyssal Knight)  Turns: 3260, Time: 00:16:33

Health: -12/54     AC: 12    Str: 14    XL:     7   Next: 36%
Magic:  9/9        EV:  3    Int: 14    God:    Lugonu [***...]
Gold:   42         SH:  7    Dex: 12    Spells: 6/6 levels left

rFire    . . .     SeeInvis .   p - +3 war axe
rCold    . . .     Gourm    .   r - +0 shield
rNeg     . . .     Faith    .   o - +0 chain mail
rPois    .         Spirit   .   (helmet restricted)
rElec    .         Reflect  .   g - +1 cloak
rCorr    .         Harm     .   m - +0 pair of gloves
MR       .....                  (no boots)
Stlth    ..........             k - amulet of regeneration
HPRegen  0.58/turn              (no ring)
MPRegen  0.11/turn              (no ring)

@: no status effects
A: antennae 1, powered by death 2
a: Depart the Abyss, Bend Space, Banish, Renounce Religion


You were on level 5 of the Dungeon.
You worshipped Lugonu.
Lugonu was most pleased with you.
You were not hungry.

You visited 1 branch of the dungeon, and saw 5 of its levels.
You visited the Abyss 1 time.

You collected 112 gold pieces.
You spent 70 gold pieces at shops.

Inventory:

Hand Weapons
 p - a +3 war axe (weapon)
 u - a +0 hand axe of flaming
Missiles
 b - 3 javelins (quivered)
 h - 11 tomahawks
Armour
 g - a +1 cloak (worn)
 m - a +0 pair of gloves (worn)
 o - a +0 chain mail (worn)
 r - a +0 shield (worn)
Jewellery
 k - an amulet of regeneration (around neck)
Wands
 n - a wand of lightning (3/15)
Scrolls
 a - 2 scrolls of fear
 d - a scroll of enchant armour {unknown}
 i - 2 scrolls of amnesia
 j - a scroll of blinking
 s - a scroll of magic mapping {unknown}
 t - 2 scrolls of remove curse
 v - a scroll of identify
 w - 2 scrolls of immolation
Potions
 l - a potion of heal wounds
Comestibles
 c - 4 bread rations
 f - a royal jelly
 q - 3 meat rations
 x - 9 chunks of flesh


   Skills:
 + Level 4.3 Fighting
 + Level 4.7 Axes
 * Level 2.6 Throwing
 + Level 3.5 Armour
 + Level 1.3 Dodging
 + Level 1.0 Shields
 + Level 2.7 Invocations
 * Level 1.8 Evocations


You had 6 spell levels left.
You didn't know any spells.

Dungeon Overview and Level Annotations

Branches:
Dungeon (5/15)             Temple (0/1) D:4

Altars:
Dithmenos

Shops:
D:4 ?


Innate Abilities, Weirdness & Mutations

You have a pair of small antennae on your head.
You regenerate health from kills.


Message History

Your shield and chain mail prevent you from hitting the hound.
You hit the bullfrog zombie. The hound bites you but does no damage.
You block the bullfrog zombie's attack. The hound bites you but does no damage.
The ogre hits you with a giant club!
The bullfrog zombie completely misses you.
You hit the ogre.
The ogre is almost dead.
Your chain mail prevents you from hitting the bullfrog zombie.
You hit the hound. You block the hound's attack.
The bullfrog zombie hits you but does no damage.
The hound bites you but does no damage. The ogre hits you with a giant club!
* * * LOW HITPOINT WARNING * * *
You completely miss the ogre.
The ogre is almost dead.
You hit the bullfrog zombie. You miss the hound.
The bullfrog zombie hits you but does no damage.
The hound bites you but does no damage. x2
You block the bullfrog zombie's attack. The ogre hits you with a giant club!!
Ouch! That really hurt!
You die...

######### #.......
#.#..: #####.#Z##
#####.....$@.#
#......##.#Oh#
#.###..##.#..# #.#
#..##......
#####.###..##.#..##.
#.............#..# #
#..##(####.##.#..#
#..##.# #.#...(.#
#..##.# ..


You could see an ogre, a hound and a bullfrog zombie.

Vanquished Creatures
  The ghost of killcat the Skirmisher, an amateur MfSk of Makhleb (D:3)
  A bullfrog (D:2)
  2 scorpions (D:4)
  3 orc priests
  A hound (D:4)
  A bullfrog skeleton (D:4)
  An orc wizard (D:4)
  2 worker ants (D:4)
  A worker ant zombie (D:4)
  6 adders
  An ooze (D:1)
  A worm (D:2)
  2 dart slugs
  2 leopard geckos
  13 orcs
  4 bats
  4 giant cockroaches
  9 goblins
  10 hobgoblins
  3 jackals (D:2)
  5 frilled lizards
  6 kobolds
  2 leopard gecko skeletons (D:4)
  A quokka skeleton (D:4)
  4 rats
  A plant (D:2)
87 creatures vanquished.

Notes
Turn   | Place    | Note
-------+----------+-------------------------------------------
     0 | Abyss:1  | Dorkslayer the Demonspawn Abyssal Knight began the quest for the Orb.
     0 | Abyss:1  | Reached XP level 1. HP: 18/18 MP: 2/2
    17 | Abyss:1  | Found a stormy altar of Qazlal.
    26 | Abyss:1  | Found a sacrificial altar of Ru.
    48 | Abyss:1  | Found a basalt altar of Yredelemnul.
    68 | Abyss:1  | Noticed a tentacled starspawn
    70 | Abyss:1  | Noticed an ancient zyme
    70 | D:1      | Escaped the Abyss
   260 | D:1      | Gained mutation: You regenerate a little health from kills. [demonic ancestry]
   260 | D:1      | Reached XP level 2. HP: 23/24 MP: 3/3
   300 | D:1      | Reached * piety under Lugonu
   960 | D:2      | Noticed a bullfrog
   960 | D:2      | Reached XP level 3. HP: 28/29 MP: 5/5
   979 | D:2      | Reached skill level 1 in Dodging
   991 | D:2      | Killed a bullfrog
   991 | D:2      | Reached skill level 1 in Throwing
   991 | D:2      | Reached XP level 4. HP: 5/37 MP: 6/6
  1144 | D:2      | Gained mutation: You have a pair of small antennae on your head. [demonic ancestry]
  1144 | D:2      | Reached XP level 5. HP: 40/42 MP: 7/7
  1379 | D:2      | Reached ** piety under Lugonu
  1382 | D:2      | Found a shadowy altar of Dithmenos.
  1768 | D:3      | Noticed killcat's ghost (amateur MfSk)
  1794 | D:3      | Killed killcat's ghost
  1794 | D:3      | Reached XP level 6. HP: 35/48 MP: 8/8
  2240 | D:4      | Found a staircase to the Ecumenical Temple.
  2368 | D:4      | Reached skill level 1 in Evocations
  2385 | D:4      | Gained mutation: You regenerate health from kills. [demonic ancestry]
  2385 | D:4      | Reached XP level 7. HP: 11/54 MP: 9/9
  2544 | D:4      | Reached *** piety under Lugonu
  2951 | D:4      | Found Amunota's Magic Scroll Emporium.
  2966 | D:4      | Bought a scroll of identify for 20 gold pieces
  2966 | D:4      | Bought a scroll of remove curse for 30 gold pieces
  2966 | D:4      | Bought a scroll of identify for 20 gold pieces
  3085 | D:5      | Entered Level 5 of the Dungeon
  3154 | D:5      | Reached skill level 1 in Shields
  3260 | D:5      | Mangled by an ogre

Vault maps used:
D:1:      eino_arrival_cavern_a
D:2:      grunt_dithmenos_smoke_and_mirrors, serial_bayou,
          serial_bayou_lagoon_a, serial_bayou_pond_b, serial_bayou_lagoon_b,
          serial_bayou_pond_e
D:3:      first_bread, minmay_misc_feat_columns
D:4:      minmay_temple_entry_large_hall, serial_shops, shop
D:5:      minmay_misc_feat_diagonals
Abyss:1:  abyss_greek_temple

Skill      XL: |  1  2  3  4  5  6  7 |
---------------+----------------------+-----
Axes           | 2 3 4 |  4.7
Armour         | 2 3 |  3.5
Dodging        | 1 |  1.3
Throwing       | 1 2 |  2.6
Fighting       | 4 |  4.3
Evocations     | 1 |  1.8
Shields        | 1 |  1.0
Invocations    | |  2.7

Action                   |  1- 3 |  4- 6 |  7- 9 || total
-------------------------+-------+-------+-------++-------
Melee: Hand axe          |    88 |   177 |       ||   265
       War axe           |       |   112 |    51 ||   163
Throw: Stone             |    10 |       |       ||    10
       Javelin           |     1 |     3 |     9 ||    13
       Tomahawk          |       |    14 |     1 ||    15
Invok: Depart the Abyss  |     1 |       |       ||     1
Evoke: Wand              |       |     3 |       ||     3
  Use: Potion            |     4 |     1 |       ||     5
       Scroll            |       |     6 |     4 ||    10
 Stab: Sleeping          |     1 |       |       ||     1
  Eat: Chunk             |       |     6 |     1 ||     7
       Royal jelly       |       |       |     1 ||     1
Armor: Leather armour    |    11 |       |       ||    11
       Chain mail        |    66 |   141 |    32 ||   239
Dodge: Dodged            |    52 |    28 |     4 ||    84
Block: Shield            |       |    36 |    22 ||    58

Table legend:
 A = Spawn XP
 B = Non-spawn XP
 C = Spawn XP percentage of total XP
 D = Spawn monster count
 E = Non-spawn monster count
 F = Spawn count percentage of total count
 G = Total turns spent on level
                    A         B        C        D         E        F      G
               +---------+---------+-------+---------+---------+-------+---------
         Total |       0 |     986 |   0.0 |       0 |      86 |   0.0 |  3260
               +---------+---------+-------+---------+---------+-------+---------
           D:1 |       0 |      40 |   0.0 |       0 |      17 |   0.0 |   883
           D:2 |       0 |     177 |   0.0 |       0 |      27 |   0.0 |   657
           D:3 |       0 |     235 |   0.0 |       0 |      15 |   0.0 |   609
           D:4 |       0 |     472 |   0.0 |       0 |      23 |   0.0 |   866
           D:5 |       0 |      62 |   0.0 |       0 |       4 |   0.0 |   175
               +---------+---------+-------+---------+---------+-------+---------
